 Dungeon Crawl Stone Soup version 0.23.2-1-ga50397a (webtiles) character file.

Game seed: 6993685761479272591

99 Leeroy the Conjurer (level 4, -3/33 HPs)
             Began as a Draconian Conjurer on Apr 15, 2019.
             Killed from afar by Natasha (5 damage)
             ... with a wand of flame (8)
             ... on level 2 of the Dungeon.
             The game lasted 00:03:53 (2056 turns).

Leeroy the Conjurer (Draconian Conjurer)            Turns: 2056, Time: 00:03:54

Health: -3/33      AC:  5    Str: 10    XL:     4   Next: 45%
Magic:  1/7        EV: 12    Int: 16    God:
Gold:   90         SH:  0    Dex: 12    Spells: 1/7 levels left

rFire    . . .     SeeInvis .   o - +0 short sword
rCold    . . .     Gourm    .   (no shield)
rNeg     . . .     Faith    .   (armour unavailable)
rPois    .         Spirit   .   (helmet restricted)
rElec    .         Reflect  .   (no cloak)
rCorr    .         Harm     .   (no gloves)
MR       .....                  (no boots)
Stlth    ++........             (no amulet)
HPRegen  0.11/turn              (no ring)
MPRegen  0.10/turn              (no ring)

@: very slightly contaminated
A: unfitting armour, cold-blooded, AC +5
a: no special abilities


You were on level 2 of the Dungeon.
You were hungry.

You visited 1 branch of the dungeon, and saw 2 of its levels.

You collected 90 gold pieces.

Inventory:

Hand Weapons
 d - a +0 dagger
 o - a +0 short sword (weapon)
Missiles
 a - 27 stones (quivered)
 m - 5 silver tomahawks
 p - 20 poisoned needles
Jewellery
 l - an uncursed ring of stealth {unknown}
Scrolls
 e - 4 scrolls of remove curse {unknown}
 f - 3 scrolls of identify {unknown}
 g - a scroll of enchant armour {unknown}
 h - a scroll of teleportation {unknown}
 j - 2 scrolls of random uselessness {unknown}
 k - a scroll of enchant weapon {unknown}
Potions
 c - a potion of curing
 i - a potion of flight {unknown}
 n - a potion of lignification {unknown}
Comestibles
 b - 7 rations


   Skills:
 - Level 1.7 Dodging
 - Level 1.7 Stealth
 - Level 2.0 Spellcasting
 - Level 6.0 Conjurations


You had one spell level left.
You knew the following spells:

 Your Spells              Type           Power        Failure   Level  Hunger
a - Magic Dart            Conj           ###.         1%          1    #......
b - Searing Ray           Conj           ###...       2%          2    ###....
c - Dazzling Spray        Conj/Hex       ##....       19%         3    ###....

Your spell library contained the following spells:

 Spells                   Type           Power        Failure   Level  Hunger
 Iskenderun's Mystic Bla  Conj           ###.....     17%         4    #####..
 Force Lance              Conj/Tloc      ##......     52%         4    #####..
 Fulminant Prism          Conj/Hex       ##........   52%         4    #####..


Dungeon Overview and Level Annotations

Branches:
Dungeon (2/15)

Altars:

Annotations:
D:2 Natasha


Innate Abilities, Weirdness & Mutations

Your plain brown scales are hard. (AC +5)
You cannot fit into any form of body armour.
You are cold-blooded and may be slowed by cold attacks.


Message History

Aim: Natasha, carrying a wand of flame (10) (heavily wounded)
You miscast Dazzling Spray.
You are very lightly contaminated with residual magic.
Sparks fly from your hands!
Natasha zaps a wand.
The puff of flame hits you!
* * * LOW HITPOINT WARNING * * *
Natasha mumbles some strange words.
You feel disoriented.
Natasha zaps a wand.
The puff of flame hits you.
* * * LOW HITPOINT WARNING * * *
Casting: Dazzling Spray (safe; 19% risk of failure)
Confirm with . or Enter, or press ? or * to list all spells.
Aiming: Searing Ray (safe; 2% risk of failure)
Press: ? - help, Shift-Dir - straight line, f/p - Natasha
Aim: Natasha, carrying a wand of flame (8) (heavily wounded)
The searing ray hits Natasha.
Natasha is heavily wounded. (Press . to maintain the ray.)
The searing ray misses Natasha.
Natasha zaps a wand.
The puff of flame hits you.
You die...

#.# #.# #.# #..#
#.# #
#.#######.###.#
#..# #.# # ###
#.#...........#
#..###.# # ..##
#.#.#######...#
#...##.# # ...###.#
#...# ##..##.####
....##.#
#...#####.......†.
.......#
#.............####
....####
#####..#######.####
# ...## #.h..@.#
#.# # ..## #5####.#
#.# # [## #.# #.#
#.# # .# #.# #.#
#.# # .###
#.###h####.#
#.####### ...#
#......§5h.#
#........ .#.#
#####.######
######### .#.####
#.# # ......# #.# #


You could see Natasha and a crimson imp.

Vanquished Creatures
  Natasha (D:2)
  2 adders (D:2)
  2 oozes
  A worm (D:2)
  A dart slug (D:1)
  6 bats
  2 giant cockroaches (D:2)
  6 goblins
  6 hobgoblins
  4 kobolds
  A ball python (D:2)
  5 frilled lizards
  8 rats
45 creatures vanquished.

Notes
Turn   | Place    | Note
-------+----------+-------------------------------------------
     0 | D:1      | Leeroy the Draconian Conjurer began the quest for the Orb.
     0 | D:1      | Reached XP level 1. HP: 14/14 MP: 3/3
   163 | D:1      | Reached XP level 2. HP: 19/20 MP: 5/5
   167 | D:1      | Learned a level 2 spell: Searing Ray
  1041 | D:1      | Reached skill level 5 in Conjurations
  1061 | D:2      | Reached XP level 3. HP: 23/26 MP: 6/6
  1066 | D:2      | Learned a level 3 spell: Dazzling Spray
  1792 | D:2      | Reached XP level 4. HP: 33/33 MP: 3/7
  1872 | D:2      | Noticed Natasha
  1882 | D:2      | Killed Natasha
  1930 | D:2      | Reached skill level 6 in Conjurations
  2033 | D:2      | Noticed Natasha
  2056 | D:2      | Killed from afar by Natasha

Skill      XL: |  1  2  3  4 |
---------------+-------------+-----
Conjurations   | 5 6 |  6.0
Dodging        | |  1.7
Stealth        | |  1.7
Spellcasting   | |  2.0

Action                   |  1- 3 |  4- 6 || total
-------------------------+-------+-------++-------
Melee: Dagger            |    74 |       ||    74
       Unarmed           |    11 |       ||    11
       Tailslap          |    10 |       ||    10
       Short sword       |    34 |    21 ||    55
Throw: Stone             |     2 |       ||     2
 Cast: Magic Dart        |    20 |     5 ||    25
       Searing Ray       |     5 |     2 ||     7
  Use: Potion            |     1 |       ||     1
 Stab: Sleeping          |     2 |       ||     2
       Distracted        |       |     1 ||     1
  Eat: Chunk             |     3 |     1 ||     4
Armor: Skin              |    39 |     3 ||    42
Dodge: Dodged            |    93 |    19 ||   112
